 Dungeon Crawl Stone Soup version 0.25-a0-940-gc6eaff51cc (webtiles) character file.

Game seed: 15638683824515334059, levelgen mode: classic

2998 Amnesiac the Thaumaturge (level 9, -3/45 HPs)
             Began as a Deep Elf Wizard on May 5, 2020.
             Was a Priest of Vehumet.
             Slain by a yak (16 damage)
             ... on level 7 of the Dungeon.
             The game lasted 00:18:59 (8741 turns).

Amnesiac the Thaumaturge (Deep Elf Wizard)          Turns: 8741, Time: 00:19:00

Health: -3/45      AC: 11    Str:  4      XL:     9   Next: 54%
Magic:  19/26      EV: 14    Int: 32      God:    Vehumet [***...]
Gold:   280        SH:  4    Dex: 11 (13) Spells: 18/31 levels left

rFire    . . .     SeeInvis .   a - +0 hunting sling
rCold    . . .     Gourm    +   l - +0 buckler
rNeg     . . .     Faith    .   G - +3 leather armour {rPois}
rPois    +         Spirit   .   (helmet restricted)
rElec    .         Reflect  .   j - +0 cloak
rCorr    .         Harm     .   A - +2 pair of gloves
MR       +....                  t - +0 pair of boots
Stlth    ++........             u - amulet of the gourmand
HPRegen  0.15/turn              F - +5 ring of intelligence
MPRegen  0.20/turn              m - ring of poison resistance

@: no status effects
A: antennae 1, talons 1, deterioration 1, magic resistance 1
a: Renounce Religion


You were on level 7 of the Dungeon.
You worshipped Vehumet.
Vehumet was most pleased with you.
You were completely stuffed.

You visited 2 branches of the dungeon, and saw 8 of its levels.

You collected 280 gold pieces.

Inventory:

Hand Weapons
 a - a +0 hunting sling (weapon)
 b - a +2 spear of flaming
 I - a +2 dagger of distortion
Missiles
 c - 360 stones (quivered)
 f - 56 sling bullets
 g - 14 poisoned darts
Armour
 j - a +0 cloak (worn)
 l - a +0 buckler (worn)
 t - a +0 pair of boots (worn)
 A - a +2 pair of gloves (worn)
 B - a +0 helmet
 G - a +3 leather armour of poison resistance (worn)
Jewellery
 m - a ring of poison resistance (right hand)
 s - an uncursed ring of flight
 u - an amulet of the gourmand (around neck)
 z - an uncursed ring of protection from fire
 F - a +5 ring of intelligence (left hand)
Wands
 q - a wand of paralysis (4)
 K - a wand of acid (8)
Scrolls
 e - 4 scrolls of remove curse {!r}
 n - 2 scrolls of enchant weapon {!r}
 o - 3 scrolls of enchant armour {!r}
 v - a scroll of fog {!r}
 x - 4 scrolls of teleportation {!r}
 y - a scroll of blinking {!r, unknown}
 D - a scroll of magic mapping {!r}
 H - 2 scrolls of brand weapon {!r, unknown}
 J - a scroll of identify {!r}
Potions
 h - 3 potions of mutation {!q}
 i - a potion of curing {!q, unknown}
 k - a potion of flight {!q, unknown}
 p - 3 potions of heal wounds {!q, unknown}
 r - 3 potions of lignification {!q}
 w - 2 potions of stabbing {!q, unknown}
 C - a potion of haste {!q}
 E - a potion of cancellation {!q, unknown}
 L - a potion of magic {!q, unknown}
Comestibles
 d - 11 rations


   Skills:
 + Level 7.4 Dodging
 - Level 2.4 Stealth
 - Level 4.0 Shields
 * Level 11.5 Spellcasting
 + Level 7.6 Conjurations
 - Level 1.1 Summonings
 - Level 1.1 Translocations


You had 18 spell levels left.
You knew the following spells:

 Your Spells              Type           Power        Failure   Level  Hunger
a - Magic Dart            Conj           ####         1%          1    None
b - Call Imp              Summ           ####....     4%          2    None
d - Searing Ray           Conj           ######       1%          2    None
e - Mephitic Cloud        Conj/Pois/Air  ####....     1%          3    None
s - Conjure Flame         Conj/Fire      #####...     1%          3    None
v - Blink                 Tloc           N/A          4%          2    None

Your spell library contained the following spells:

 Spells                   Type           Power        Failure   Level  Hunger
 Slow                     Hex            ###.....     7%          2    None


Dungeon Overview and Level Annotations

Branches:
Dungeon (7/15)             Temple (1/1) D:4

Altars:
Ashenzari
Cheibriados
Dithmenos
Elyvilon
Fedhas
Gozag
Hepliaklqana
Kikubaaqudgha
Makhleb
Okawaru
Qazlal
Sif Muna
Trog
Uskayaw
Vehumet
Wu Jian
Yredelemnul
The Shining One

Shops:
D:5 (


Innate Abilities, Weirdness & Mutations

You have a pair of small antennae on your head.
You have sharp toenails.
Your body sometimes deteriorates upon taking damage.
You are resistant to hostile enchantments. (MR+)


Message History

The yak is moderately wounded.
You finish channeling your searing ray.
The yak gores you. The yak closely misses you. You block the yak's attack.
The yak closely misses you.
Casting: Searing Ray (safe; 1% risk of failure)
Confirm with . or Enter, or press ? or * to list all spells.
Aiming: Searing Ray (safe; 1% risk of failure)
Press: ? - help, Shift-Dir - straight line, f - yak
Aim: a yak (lightly wounded)
The searing ray hits the yak!
The yak is heavily wounded.
The searing ray hits the yak!
The yak is moderately wounded. (Press . to maintain the ray.)
The yak misses you.
The searing ray hits the yak!
The yak is heavily wounded.
The searing ray hits the yak!
The yak is heavily wounded.
The yak gores you but does no damage.
The searing ray hits the yak!
You kill the yak!
Vehumet accepts your kill.
You feel your power returning.
The searing ray misses the yak.
The searing ray hits the yak!
The yak is moderately wounded.
The searing ray hits the yak!
The yak is severely wounded.
You finish channeling your searing ray.
The yak gores you! The yak gores you!
* * * LOW HITPOINT WARNING * * *
Your body deteriorates!
You feel clumsy. You block the yak's attack.
You see here a pair of gloves.
There is a stone staircase leading down here.
The yak gores you.
* * * LOW HITPOINT WARNING * * *
Your body deteriorates!
You feel clumsy.
Casting: Searing Ray (safe; 1% risk of failure)
Confirm with . or Enter, or press ? or * to list all spells.
Aiming: Searing Ray (safe; 1% risk of failure)
Press: ? - help, Shift-Dir - straight line, f - yak
Aim: a yak The searing ray hits the yak!
The yak is moderately wounded.
The searing ray hits the yak!
You kill the yak!
Vehumet accepts your kill.
You feel your power returning. (Press . to maintain the ray.)
The yak completely misses you.
The searing ray hits the yak!
The yak is heavily wounded.
The searing ray hits the yak!
The yak is severely wounded.
The yak gores you.
* * * LOW HITPOINT WARNING * * *
The searing ray hits the yak!
The yak is severely wounded.
The searing ray hits the yak!
The yak is almost dead.
The yak gores you!
You die...

##.###......###Y##.....
###..###...#### #.##..#).
#..##...#......######.##...#.
#........##.[.Y.†...........
#.....##.##.#..##....##.....
#..... #.##.##..........(#[.
#..... #.##Y#####...####..#.
#..... #.##Y# #...# #..##
....### #.##@# #...# #..#
###. #.##.# #...# #..## #
#.##.# ##### #...# #..#.#
##..# ##...# #..# ####..####
##.# #........# ###
#........# #.......†#


You could see 2 yaks.

Vanquished Creatures
  4 yaks (D:7)
  A human (D:5)
  Edmund (D:5)
  2 orc warriors
  2 ice beasts
  A sky beast (D:6)
  3 ogres
  A centaur (D:5)
  A crocodile (D:7)
  3 bullfrogs (D:6)
  A scorpion (D:6)
  2 killer bees (D:7)
  A crimson imp (D:7)
  2 centaur zombies
  5 hounds
  2 orc priests
  A human zombie (D:5)
  2 centaur skeletons (D:6)
  A bullfrog zombie (D:6)
  2 orc wizards (D:7)
  A bullfrog skeleton (D:5)
  6 worker ants
  2 hound skeletons (D:4)
  A howler monkey zombie (D:7)
  Robin (D:3)
  4 adders
  10 gnolls
  A shadow imp (D:6)
  An ooze (D:3)
  An adder skeleton (D:4)
  2 adder zombies
  2 worms
  4 dart slugs
  8 leopard geckos
  12 orcs
  4 giant cockroaches
  14 goblins
  8 hobgoblins
  11 jackals
  6 kobolds
  4 quokkas
  7 bats
  6 frilled lizards
  A giant cockroach zombie (D:6)
  A goblin skeleton (D:5)
  2 jackal skeletons
  A jackal zombie (D:6)
  2 leopard gecko skeletons
  2 quokka zombies
  8 rats
171 creatures vanquished.

Vanquished Creatures (collateral kills)
  A hound skeleton (D:5)
1 creature vanquished.

Vanquished Creatures (others)
  A goblin (D:2)
  A rat (D:2)
2 creatures vanquished.

Grand Total: 174 creatures vanquished

Notes
Turn   | Place    | Note
-------+----------+-------------------------------------------
     0 | D:1      | Amnesiac the Deep Elf Wizard began the quest for the Orb.
     0 | D:1      | Reached XP level 1. HP: 10/10 MP: 7/7
   267 | D:1      | Reached XP level 2. HP: 9/15 MP: 0/9
   271 | D:1      | Learned a level 2 spell: Blink
   274 | D:1      | Learned a level 2 spell: Call Imp
  1198 | D:2      | Noticed Robin
  1267 | D:2      | Reached XP level 3. HP: 19/19 MP: 6/11
  1272 | D:2      | Learned a level 3 spell: Conjure Flame
  1276 | D:2      | Learned a level 3 spell: Mephitic Cloud
  1453 | D:3      | Reached XP level 4. HP: 24/24 MP: 6/12
  1534 | D:3      | Reached skill level 1 in Shields
  1873 | D:4      | Reached XP level 5. HP: 28/28 MP: 1/13
  2166 | D:4      | Noticed a fire elemental
  2168 | D:4      | Found a stormy altar of Qazlal.
  2179 | D:5      | Entered Level 5 of the Dungeon
  2182 | D:5      | Found a burning altar of Makhleb.
  2251 | D:4      | Found a staircase to the Ecumenical Temple.
  2265 | Temple   | Entered the Ecumenical Temple
  2402 | Temple   | Became a worshipper of Vehumet
  3183 | D:2      | Found a white marble altar of Elyvilon.
  3186 | D:2      | Reached * piety under Vehumet
  3186 | D:2      | Offered knowledge of Shock by Vehumet.
  3437 | D:3      | Reached XP level 6. HP: 32/32 MP: 1/14
  3519 | D:3      | Killed Robin
  4446 | D:4      | Noticed a water elemental
  4446 | D:4      | Noticed an air elemental
  4570 | D:4      | Reached skill level 5 in Spellcasting
  4993 | D:4      | Reached XP level 7. HP: 20/36 MP: 0/17
  5051 | D:5      | Reached skill level 6 in Spellcasting
  5230 | D:5      | Gained mutation: You have sharp toenails. [potion of
                  | mutation]
  5230 | D:5      | Gained mutation: You have a pair of small antennae on your
                  | head. [potion of mutation]
  5230 | D:5      | Gained mutation: Your body sometimes deteriorates upon
                  | taking damage. [potion of mutation]
  5230 | D:5      | Gained mutation: You are resistant to hostile enchantments.
                  | (MR+) [potion of mutation]
  5486 | D:5      | Noticed a human
  5487 | D:5      | Found a runed translucent door.
  5495 | D:5      | Found a basalt altar of Yredelemnul.
  5523 | D:5      | Killed a human
  5523 | D:5      | Reached skill level 5 in Conjurations
  5639 | D:5      | Found a shimmering blue altar of Sif Muna.
  5650 | D:5      | Reached skill level 7 in Spellcasting
  5700 | D:5      | Found Wialarik's Weapon Shoppe.
  6214 | D:5      | Found a hide-covered altar of Uskayaw.
  6217 | D:5      | Found a bloodstained altar of Trog.
  6220 | D:5      | Found an ornate altar of the Wu Jian Council.
  6449 | D:5      | Reached XP level 8. HP: 41/41 MP: 15/21
  6543 | D:5      | Noticed Edmund
  6563 | D:5      | Killed Edmund
  6563 | D:5      | Reached ** piety under Vehumet
  6563 | D:5      | Reached skill level 8 in Spellcasting
  6799 | D:6      | Reached skill level 5 in Dodging
  6902 | D:6      | Offered knowledge of Sandblast by Vehumet.
  6999 | D:6      | Reached skill level 9 in Spellcasting
  7490 | D:6      | Lost strength.
  7689 | D:6      | Offered knowledge of Searing Ray by Vehumet.
  7693 | D:6      | Learned a level 2 spell: Searing Ray
  7732 | D:6      | Reached skill level 10 in Spellcasting
  7950 | D:6      | Found a hazy altar of Hepliaklqana.
  8122 | D:7      | Reached XP level 9. HP: 45/45 MP: 11/25
  8550 | D:7      | Reached *** piety under Vehumet
  8716 | D:7      | Reached skill level 11 in Spellcasting
  8741 | D:7      | Slain by a yak

Levels and vault maps discovered:
D:1:      dpeg_arrival_three_same_balls, layout_basic, amethyst_killhole,
          solitary_fountain, roderic_three_in_a_row, minmay_misc_feat_chi,
          minmay_misc_feat_tiny
D:2:      layout_rooms, elyvilon_altar_4, minmay_crystal_water, uniq_robin
D:3:      layout_rooms, minmay_misc_feat_iff, minmay_quantized
D:4:      minmay_octagon_keep, layout_basic, minmay_temple_entry_large_hall,
          nicolae_qazlal_style_of_elements
D:5:      layout_cave_pods, old_standard_altar, lemuel_crystal_altar,
          grunt_temple_overflow_diamond, first_ration, serial_shops,
          nicolae_shop_statue_plus, dk_yredelemnul_ordeal, uniq_edmund
D:6:      layout_cave_pools, nicolae_overflow_hidden_temple
D:7:      layout_rooms, lemuel_round_altar, xom_teletrap_fun, kennysheep_dice
Temple:   nicolae_temple_figure_zero

Skill      XL: |  1  2  3  4  5  6  7  8  9 |
---------------+----------------------------+-----
Conjurations   | 2 3 4 5 6 7 |  7.6
Shields        | 2 3 4 |  4.0
Spellcasting   | 5 7 10 11 | 11.5
Dodging        | 3 4 6 7 |  7.4
Stealth        | |  2.4
Summonings     | |  1.1
Translocations | |  1.1

Action                   |  1- 3 |  4- 6 |  7- 9 || total
-------------------------+-------+-------+-------++-------
Melee: Spear             |     5 |       |       ||     5
 Fire: Hunting sling     |     5 |    61 |    57 ||   123
 Cast: Magic Dart        |    54 |   219 |   221 ||   494
       Mephitic Cloud    |       |     6 |     6 ||    12
       Call Imp          |       |       |     5 ||     5
       Blink             |       |       |     3 ||     3
       Conjure Flame     |       |       |     6 ||     6
       Searing Ray       |       |       |    23 ||    23
  Use: Scroll            |       |     9 |     1 ||    10
       Potion            |       |     1 |     1 ||     2
 Stab: Sleeping          |     1 |       |       ||     1
  Eat: Chunk             |     1 |    23 |    11 ||    35
Armor: Robe              |     3 |    19 |    21 ||    43
       Leather armour    |       |       |     6 ||     6
Dodge: Dodged            |    15 |    76 |    82 ||   173
Block: Buckler           |       |    32 |    24 ||    56

Table legend:
 A = Non-vault XP
 B = Vault XP
 C = Vault XP percentage of total XP
 D = Non-vault monster count
 E = Vault monster count
 F = Vault count percentage of total count
                 A         B        C        D         E       F
            +---------+---------+-------+---------+---------+-------
      Total |    3622 |     662 |  15.5 |     139 |      33 |  19.2
            +---------+---------+-------+---------+---------+-------
        D:1 |      38 |      12 |  24.0 |      19 |       7 |  26.9
        D:2 |      90 |       6 |   6.2 |      16 |       4 |  20.0
        D:3 |     147 |      26 |  15.0 |      25 |       8 |  24.2
        D:4 |     200 |      96 |  32.4 |      16 |       6 |  27.3
        D:5 |     589 |     397 |  40.3 |      16 |       5 |  23.8
        D:6 |    1061 |       0 |   0.0 |      25 |       0 |   0.0
        D:7 |    1497 |     125 |   7.7 |      22 |       3 |  12.0
            +---------+---------+-------+---------+---------+-------
